 Dungeon Crawl Stone Soup version 0.28.0-47-ge53b351184 (webtiles) character file.

Game seed: 12956693428665585307

156 GigaChad the Shield-Bearer (level 5, -18/42 HPs)
             Began as a Minotaur Fighter on May 7, 2022.
             Was a Believer of Hepliaklqana.
             Killed from afar by a steam dragon (20 damage)
             ... with a ball of steam
             ... on level 4 of the Dungeon.
             The game lasted 00:06:47 (1724 turns).

GigaChad the Shield-Bearer (Minotaur Fighter)       Turns: 1724, Time: 00:06:49

Health: -18/42     AC:  7    Str: 21    XL:     5   Next: 14%
Magic:  4/4        EV: 10    Int:  5    God:    Hepliaklqana [**....]
Gold:   87         SH:  0    Dex: 11    Spells: 4/4 levels left

rFire   . . .      SeeInvis .   m - +9 quarterstaff "Inimauj" {venom, +Blink rN+}
rCold   . . .      Faith    .   (shield currently unavailable)
rNeg    + . .      Spirit   .   b - +0 scale mail
rPois   .          Reflect  .   (helmet restricted)
rElec   .          Harm     .   (no cloak)
rCorr   .          Rampage  .   (no gloves)
Will    .....                   (no boots)
Stlth   ..........              (no amulet)
HPRegen 0.14/turn               (no ring)
MPRegen 0.09/turn               (no ring)

@: no status effects
A: reduced essence, horns 2, retaliatory headbutt
a: Renounce Religion, Evoke Blink, Recall Ancestor, Ancestor Identity


You were on level 4 of the Dungeon.
You worshipped Hepliaklqana.
Hepliaklqana was pleased with you.
You visited 1 branch of the dungeon, and saw 4 of its levels.

You collected 87 gold pieces.

Inventory:

Hand Weapons
 a - a +0 long sword
 l - a +2 long sword of protection
 m - the +9 quarterstaff "Inimauj" (weapon) {venom, +Blink rN+}
   (You found it on level 2 of the Dungeon)

   It poisons the flesh of those it strikes.
   rN:        It protects you from negative energy.
   +Blink:    It lets you blink.
Missiles
 n - 2 curare-tipped darts (quivered)
Armour
 b - a +0 scale mail (worn)
 c - a +0 buckler
Wands
 q - a wand of digging (1)
Scrolls
 g - a scroll of torment {unknown}
 h - a scroll of fear {unknown}
 k - a scroll of noise {unknown}
 o - a scroll of vulnerability {unknown}
 p - a scroll of identify {unknown}
Potions
 d - a potion of might
 e - a potion of haste {unknown}
 f - a potion of heal wounds
 i - a potion of degeneration {unknown}
 j - a potion of brilliance {unknown}
 r - a potion of curing {unknown}


   Skills:
 + Level 4.3 Fighting
 + Level 3.8 Long Blades
 + Level 1.0 Staves
 + Level 4.7 Armour
 + Level 0.7 Dodging
 + Level 4.7 Shields


You had 4 spell levels left.
You didn't know any spells.
Your spell library contained the following spells:

 Spells                   Type           Power      Damage    Failure   Level
 Blink                    Tloc           0%         N/A       91%         2
 Lesser Beckoning         Tloc           0%         N/A       99%         3
 Manifold Assault         Tloc           0%         N/A       100%        5


Dungeon Overview and Level Annotations

Branches:
Dungeon (4/15)
 Temple: D:4-7

Altars:
Hepliaklqana


Innate Abilities, Weirdness & Mutations

Your life essence is reduced to manifest your ancestor. (-10% HP)
You have a pair of horns on your head.
You reflexively headbutt those who attack you in melee.


Message History

There is a stone staircase leading down here.
You see here a +0 whip.
Found a trident.
A worm comes into view.
The worm closely misses you. You furiously retaliate!
You headbutt the worm! You sock the worm!
You kill the worm!
Your Staves skill increases to level 1!
You see here a worm corpse.
Found a leather armour.
You swap places.
Found a morningstar.
You now have 87 gold pieces (gained 12).
A quokka and a steam dragon come into view.
The steam dragon hisses angrily.
A goblin comes into view. It is wielding a +0 club.
There are monsters nearby!
The steam dragon breathes steam at you. The ball of steam hits you!!
Found a leather armour.
You are engulfed in a cloud of scalding steam.
You barely miss the steam dragon.
You are engulfed in a cloud of scalding steam.
* * * LOW HITPOINT WARNING * * *
Obi gestures at the steam dragon while chanting.
The steam dragon resists with some effort.
The steam dragon bites you.
* * * LOW HITPOINT WARNING * * *
The steam dragon claws you but does no damage.
The quokka is engulfed in a cloud of scalding steam.
The quokka dies!
You swap places.
The steam dragon bites Obi!
The steam dragon barely misses Obi.
Obi barely misses the steam dragon.
Obi hits the steam dragon with a +0 dagger of draining!
Obi drains the steam dragon.
The steam dragon breathes steam at you.
The ball of steam hits Obi!
Obi resists.
The ball of steam hits you!!
You die...

#...# #R#.# ##.#.##
#..#..# ##.###.## ###..#
#..### ####...## ##...####
##....###...###....#####
...####[.$8g.DRĀ§@).......
##....###...###....#####.
####...## #...#### ###..#
#..### ##.###.# ### #..#..
#..... ##.#.########.....
#.#.#..............#
#...#.......)......#


You could see the friendly Obi the hexer.

Vanquished Creatures
  Natasha (thrice) (D:3)
  An orc wizard (D:3)
  An adder (D:3)
  A worm (D:4)
  2 dart slugs
  5 orcs (D:3)
  4 endoplasms
  4 goblins
  6 hobgoblins
  A ball python (D:3)
  3 frilled lizards
  A kobold (D:3)
  5 rats
37 creatures vanquished.

Vanquished Creatures (collateral kills)
  A ball python (D:3)
  A bat (D:2)
  A frilled lizard (D:1)
3 creatures vanquished.

Vanquished Creatures (others)
  A quokka (D:4)
  An ancestor (D:3)
  A withered plant (D:1)
3 creatures vanquished.

Grand Total: 43 creatures vanquished

Notes
Turn   | Place    | Note
-------+----------+-------------------------------------------
     0 | D:1      | GigaChad the Minotaur Fighter began the quest for the Orb.
     0 | D:1      | Reached XP level 1. HP: 19/19 MP: 0/0
    43 | D:1      | Found a faded altar of an unknown god.
    65 | D:1      | Prayed at the altar of an unknown god.
    65 | D:1      | Became a worshipper of Hepliaklqana the Forgotten
    65 | D:1      | Reached * piety under Hepliaklqana
   140 | D:1      | Reached XP level 2. HP: 24/24 MP: 1/1
   679 | D:2      | Reached ** piety under Hepliaklqana
  1037 | D:2      | Identified the +9 quarterstaff "Inimauj" {venom, +Blink
                  | rN+}
  1151 | D:3      | Reached XP level 3. HP: 29/29 MP: 2/2
  1203 | D:3      | Remembered your ancestor Obi as a hexer
  1236 | D:3      | Noticed Natasha
  1239 | D:3      | Reached XP level 4. HP: 31/36 MP: 3/3
  1243 | D:3      | Killed Natasha
  1257 | D:3      | Noticed Natasha
  1265 | D:3      | Killed Natasha
  1274 | D:3      | Noticed Natasha
  1280 | D:3      | Killed Natasha
  1281 | D:3      | Reached XP level 5. HP: 16/42 MP: 4/4
  1653 | D:4      | Reached skill level 1 in Staves
  1719 | D:4      | Noticed a steam dragon
  1722 | D:4      | HP: 2/42 [steam dragon (6)]
  1724 | D:4      | Killed from afar by a steam dragon

Illustrated notes

Levels and vault maps discovered:
D:1:      wander_arrival_estate, layout_rooms,
          ebering_ecumenical_altar_petrified, minivault_19
D:2:      layout_rooms, serial_co_window_serial, co_window_of_opportunity_a,
          co_window_paths_b, co_window_paths_a, co_window_corner_a,
          co_window_cross_1, co_window_paths_a, co_window_paths_a,
          co_window_broadway_b, co_window_corner_ca, co_window_paths_c,
          co_window_4corner_b, co_window_sun, glass_columns_c, glass_columns_a
D:3:      layout_basic, minmay_distorted, uniq_natasha
D:4:      minmay_general_purpose_star, layout_basic, mainiacjoe_overflow_paths,
          nicolae_underground_beach

Skill      XL: |  1  2  3  4  5 |
---------------+----------------+-----
Armour         | 4 |  4.7
Shields        | 4 |  4.7
Fighting       | 4 |  4.3
Long Blades    | 3 |  3.8
Staves         | 1 |  1.0
Dodging        | |  0.7

Action                   |  1- 3 |  4- 6 || total
-------------------------+-------+-------++-------
Melee: Long sword        |    34 |       ||    34
       Headbutt          |     6 |     2 ||     8
       Quarterstaff      |    19 |    11 ||    30
Invok: Ancestor Identity |     1 |       ||     1
       Ancestor Life: He |     1 |       ||     1
Armor: Scale mail        |    28 |     8 ||    36
Dodge: Dodged            |    17 |     4 ||    21
Block: Buckler           |     7 |       ||     7
